NYP
TRI-CITY DUST DEVILS @ STATE COLLEGE SPIKES
09/18/2045
 
TOP OF THE 1ST
Tri-City Dust Devils batting - Pitching for State College Spikes : RHP Gareth Haigh
Pitching: RHP Gareth Haigh
Batting: LHB Ramon Vega 0-0: TRIPLE (Line Drive, 9LD, EV 112.5 MPH)
Batting: RHB Jaden Scott 0-0: Called Strike
0-1: Ball
1-1: Ball
2-1: Called Strike
2-2: Fly out, F3 (Line Drive, 3, EV 66.9 MPH)
Lined into DP, 3-5 (Line Drive, 3, EV 61.9 MPH)
Batting: RHB Mike Maserang 0-0: Called Strike
0-1: Ball
1-1: Called Strike
1-2: Ground out 4-3 (Groundball, 4S, EV 81.9 MPH)
Top of the 1st over - 0 runs, 1 hit, 0 errors, 0 left on base; Tri-City 0 - State College 0
BOTTOM OF THE 1ST
State College Spikes batting - Pitching for Tri-City Dust Devils : RHP Mike Swenson
Pitching: RHP Mike Swenson
Batting: RHB Fortunato Fteira 0-0: Ball
1-0: Ball
2-0: Ball
3-0: Base on Balls
Batting: RHB Tim Cleary 0-0: Called Strike
Fortunato Fteira steals 2nd base (no throw)
0-1: Ground out 5-3 (Groundball, 56S, EV 94.4 MPH)
Batting: RHB Josh Martin 0-0: Ball
1-0: Swinging Strike
1-1: Ground out 6-3 (Groundball, P, EV 86.2 MPH)
Fortunato Fteira to third
Batting: RHB Jose Jimenez 0-0: Ball
1-0: Called Strike
1-1: Ball
2-1: Foul Ball, location: 2F
2-2: Fly out, F9 (Flyball, 9S, EV 75.0 MPH)
Bottom of the 1st over - 0 runs, 0 hits, 0 errors, 1 left on base; Tri-City 0 - State College 0
TOP OF THE 2ND
Tri-City Dust Devils batting - Pitching for State College Spikes : RHP Gareth Haigh
Batting: RHB Nate Burkhalter 0-0: Ball
1-0: Foul Ball, location: 2F
1-1: SINGLE (Line Drive, 56D, EV 101.2 MPH)
Batting: LHB Mike Schermerhorn 0-0: Fielders Choice at 2nd, 1-6 (Groundball, 13S, EV 70.0 MPH)
Batting: LHB Roger Duque 0-0: Swinging Strike
0-1: Foul Ball, location: 2F
0-2: Strikes out swinging
Batting: SHB Alex Orozco 0-0: Ball
1-0: Foul Ball, location: 2F
1-1: Called Strike
1-2: DOUBLE (Groundball, 5L, EV 99.4 MPH)
Mike Schermerhorn to third
Batting: RHB Rich Justice 0-0: Ground out 4-3 (Groundball, 4, EV 105.6 MPH)
Top of the 2nd over - 0 runs, 2 hits, 0 errors, 2 left on base; Tri-City 0 - State College 0
BOTTOM OF THE 2ND
State College Spikes batting - Pitching for Tri-City Dust Devils : RHP Mike Swenson
Batting: RHB Josh Broome 0-0: Ball
1-0: Called Strike
1-1: Ball
2-1: Swinging Strike
2-2: Hit by Pitch
Batting: RHB Tyler Walker 0-0: Ball
1-0: Ball
Josh Broome steals 2nd base (no throw)
2-0: Ball
3-0: Called Strike
3-1: Foul Ball, location: 2F
3-2: Foul Ball, location: 2F
3-2: Foul Ball, location: 2F
3-2: Base on Balls
Batting: RHB Mike Zimmerly 0-0: Ball
1-0: Ball
2-0: Called Strike
2-1: Fielders Choice at 2nd, 5-4 (Groundball, 56, EV 101.2 MPH)
Josh Broome to third
Batting: RHB Bernard Claude 0-0: Ball
Mike Zimmerly is caught stealing 2nd base 2-4
1-0: Ball
Wild Pitch!
Josh Broome scores
2-0: Ground out 5-3 (Groundball, 56S, EV 81.9 MPH)
Bottom of the 2nd over - 1 run, 0 hits, 0 errors, 0 left on base; Tri-City 0 - State College 1
TOP OF THE 3RD
Tri-City Dust Devils batting - Pitching for State College Spikes : RHP Gareth Haigh
Batting: RHB Tyler West 0-0: Ball
1-0: Fly out, F8 (Line Drive, 8RD, EV 87.5 MPH)
Batting: LHB Ramon Vega 0-0: Ball
1-0: Foul Ball, location: 2F
1-1: Ball
2-1: Called Strike
2-2: Strikes out swinging
Batting: RHB Jaden Scott 0-0: Called Strike
0-1: Ball
1-1: Foul Ball, location: 2F
1-2: Ground out 6-3 (Groundball, 6, EV 105.0 MPH)
Top of the 3rd over - 0 runs, 0 hits, 0 errors, 0 left on base; Tri-City 0 - State College 1
BOTTOM OF THE 3RD
State College Spikes batting - Pitching for Tri-City Dust Devils : RHP Mike Swenson
Batting: RHB Ray Souza 0-0: Called Strike
0-1: Called Strike
0-2: Strikes out looking
Batting: RHB Fortunato Fteira 0-0: Foul Ball, location: 2F
0-1: Swinging Strike
0-2: Ball
1-2: Ball
2-2: Ball
3-2: Foul Ball, location: 2F
3-2: Base on Balls
Batting: RHB Tim Cleary 0-0: Ball
Fortunato Fteira steals 2nd base
1-0: Ball
2-0: Called Strike
2-1: Ball
3-1: Called Strike
3-2: Base on Balls
Batting: RHB Josh Martin 0-0: Called Strike
Fortunato Fteira steals 3rd base (no throw)
0-1: Ball
Tim Cleary steals 2nd base
1-1: Foul Ball, location: 2F
1-2: Ground out U3 (Groundball, 34, EV 86.9 MPH)
Fortunato Fteira scores
Tim Cleary to third
Batting: RHB Jose Jimenez 0-0: Called Strike
0-1: Swinging Strike
0-2: Foul Ball, location: 2F
0-2: Ball
1-2: Foul Ball, location: 2F
1-2: Ball
2-2: Ball
3-2: Foul Ball, location: 2F
3-2: Foul Ball, location: 2F
3-2: Foul Ball, location: 2F
3-2: Base on Balls
Batting: RHB Josh Broome 0-0: Foul Ball, location: 2F
0-1: Fly out, F8 (Flyball, 8LS, EV 83.8 MPH)
Bottom of the 3rd over - 1 run, 0 hits, 0 errors, 2 left on base; Tri-City 0 - State College 2
TOP OF THE 4TH
Tri-City Dust Devils batting - Pitching for State College Spikes : RHP Gareth Haigh
Batting: RHB Mike Maserang 0-0: Called Strike
0-1: Ball
1-1: Swinging Strike
1-2: Foul Ball, location: 2F
1-2: Ball
2-2: Strikes out looking
Batting: RHB Nate Burkhalter 0-0: Called Strike
0-1: Ball
1-1: Foul Ball, location: 2F
1-2: Ball
2-2: Ball
3-2: Ground out 6-3 (Groundball, 6, EV 98.8 MPH)
Batting: LHB Mike Schermerhorn 0-0: Called Strike
0-1: Ball
1-1: Called Strike
1-2: Strikes out swinging
Top of the 4th over - 0 runs, 0 hits, 0 errors, 0 left on base; Tri-City 0 - State College 2
BOTTOM OF THE 4TH
State College Spikes batting - Pitching for Tri-City Dust Devils : RHP Mike Swenson
Batting: RHB Tyler Walker 0-0: Ball
1-0: Ball
2-0: Ball
3-0: Base on Balls
Batting: RHB Mike Zimmerly 0-0: Foul Ball, location: 2F
0-1: Grounds into double play, 4-6-3 (Groundball, 34, EV 104.4 MPH)
Batting: RHB Bernard Claude 0-0: Ball
1-0: Swinging Strike
1-1: Foul Ball, location: 2F
1-2: Fly out, F9 (Flyball, 89M, EV 91.2 MPH)
Bottom of the 4th over - 0 runs, 0 hits, 0 errors, 0 left on base; Tri-City 0 - State College 2
TOP OF THE 5TH
Tri-City Dust Devils batting - Pitching for State College Spikes : RHP Gareth Haigh
Batting: LHB Roger Duque 0-0: Ball
1-0: Ball
2-0: Ball
3-0: Called Strike
3-1: Base on Balls
Batting: SHB Alex Orozco 0-0: Foul Ball, location: 2F
0-1: Ball
1-1: Ball
2-1: Ball
3-1: DOUBLE (Line Drive, 78M, EV 103.1 MPH)
Roger Duque to third
Runner from 3rd tries for Home, SAFE, throw by CF to home
Batting: RHB Rich Justice 0-0: Called Strike
0-1: Foul Ball, location: 2F
0-2: Strikes out swinging
Batting: RHB Tyler West 0-0: Called Strike
0-1: Ball
1-1: Ball
2-1: Foul Ball, location: 2F
2-2: Ball
3-2: SINGLE (Groundball, 4D, EV 103.8 MPH)
Alex Orozco to third
Runner from 3rd tries for Home, SAFE, throw by CF to home
Batting: LHB Ramon Vega 0-0: Ball
1-0: Foul Ball, location: 2F
1-1: Fielders Choice at 2nd, 4-6 (Groundball, 34, EV 110.0 MPH)
Batting: RHB Jaden Scott 0-0: Ball
1-0: Foul Ball, location: 2F
1-1: Ball
2-1: SINGLE (Line Drive, 8RS, EV 85.6 MPH)
Ramon Vega to second
Batting: RHB Mike Maserang 0-0: Ball
1-0: Foul Ball, location: 2F
1-1: SINGLE (Groundball, 4MD, EV 105.0 MPH)
Ramon Vega to third
Jaden Scott to second
Runner from 3rd tries for Home, SAFE, throw by CF to home
Batting: RHB Nate Burkhalter 0-0: Ball
1-0: SINGLE (Groundball, 6MD, EV 110.6 MPH)
Jaden Scott to third
Mike Maserang to second
Runner from 3rd tries for Home, SAFE, throw by CF to home
Batting: LHB Mike Schermerhorn 0-0: Foul Ball, location: 2F
0-1: Ball
1-1: Foul Ball, location: 2F
1-2: Hit by Pitch
Mike Maserang to third
Nate Burkhalter to second
Batting: LHB Roger Duque 0-0: Ball
1-0: Called Strike
1-1: Ball
2-1: Ball
3-1: Base on Balls
Mike Maserang scores
Nate Burkhalter to third
Mike Schermerhorn to second
Batting: SHB Alex Orozco 0-0: Ball
1-0: Foul Ball, location: 2F
1-1: Ball
2-1: Foul Ball, location: 2F
2-2: Strikes out swinging
Top of the 5th over - 5 runs, 5 hits, 0 errors, 3 left on base; Tri-City 5 - State College 2
BOTTOM OF THE 5TH
State College Spikes batting - Pitching for Tri-City Dust Devils : RHP Mike Swenson
Batting: RHB Ray Souza 0-0: Called Strike
0-1: Ball
1-1: Called Strike
1-2: SINGLE (Groundball, 6MD, EV 102.5 MPH)
Batting: RHB Fortunato Fteira 0-0: Called Strike
0-1: SINGLE (Groundball, 6MD, EV 102.5 MPH)
Ray Souza to second
Batting: RHB Tim Cleary 0-0: Foul Ball, location: 2F
0-1: Ball
1-1: SINGLE (Groundball, 6D, EV 98.8 MPH)
Ray Souza to third
Fortunato Fteira to second
Batting: RHB Josh Martin 0-0: Ball
1-0: Ball
2-0: Ball
3-0: Base on Balls
Ray Souza scores
Fortunato Fteira to third
Tim Cleary to second
Batting: RHB Jose Jimenez 0-0: SINGLE (Groundball, 4, EV 103.8 MPH)
Fortunato Fteira scores
Tim Cleary to third
Josh Martin to second
Batting: RHB Josh Broome 0-0: Ball
Wild Pitch!
Tim Cleary scores
Josh Martin to third
Jose Jimenez to second
1-0: Called Strike
1-1: Ball
2-1: Ball
3-1: Base on Balls
Batting: RHB Tyler Walker 0-0: Ball
1-0: Grounds into fielders choice 4-2 (Groundball, 4, EV 110.0 MPH)
Jose Jimenez to third
Josh Broome to second
Batting: RHB Mike Zimmerly 0-0: Ball
1-0: SINGLE (Groundball, 56D, EV 102.5 MPH)
Jose Jimenez scores
Josh Broome to third
Tyler Walker to second
Batting: RHB Bernard Claude 0-0: Ball
1-0: Ball
2-0: Ball
3-0: Called Strike
3-1: Grounds into fielders choice 5-2 (Groundball, 56S, EV 84.4 MPH)
Tyler Walker to third
Mike Zimmerly to second
Pitching: RHP Nick Jamison
Batting: RHB Ray Souza 0-0: Called Strike
0-1: Ground out 5-3 (Groundball, 56, EV 99.4 MPH)
Bottom of the 5th over - 4 runs, 5 hits, 0 errors, 3 left on base; Tri-City 5 - State College 6
TOP OF THE 6TH
Tri-City Dust Devils batting - Pitching for State College Spikes : RHP Gareth Haigh
Pinch Hitting: LHB Bill Fortin 0-0: Reached on error, E8 (Flyball, 8RS, EV 88.1 MPH)
Batting: RHB Tyler West 0-0: Ball
1-0: Ball
2-0: Grounds into double play, 3-6-3 (Groundball, 3, EV 85.0 MPH)
Batting: LHB Ramon Vega 0-0: Called Strike
0-1: Ball
1-1: DOUBLE (Groundball, 3L, EV 105.6 MPH)
Batting: RHB Jaden Scott 0-0: Fly out, F7 (Flyball, 78M, EV 89.4 MPH)
Top of the 6th over - 0 runs, 1 hit, 1 error, 1 left on base; Tri-City 5 - State College 6
BOTTOM OF THE 6TH
State College Spikes batting - Pitching for Tri-City Dust Devils : RHP Nick Jamison
Now at SS: Jaden Scott
Now in LF: Bill Fortin
Batting: RHB Fortunato Fteira 0-0: Ground out 6-3 (Groundball, 6, EV 110.6 MPH)
Batting: RHB Tim Cleary 0-0: Called Strike
0-1: Ground out 4-3 (Groundball, 4, EV 86.2 MPH)
Batting: RHB Josh Martin 0-0: Ground out 6-3 (Groundball, 6, EV 87.5 MPH)
Bottom of the 6th over - 0 runs, 0 hits, 0 errors, 0 left on base; Tri-City 5 - State College 6
TOP OF THE 7TH
Tri-City Dust Devils batting - Pitching for State College Spikes : RHP Gareth Haigh
Pitching: LHP Carlos Salcido
Batting: RHB Mike Maserang 0-0: Ball
1-0: Called Strike
1-1: Ball
2-1: Ball
3-1: Base on Balls
Batting: RHB Nate Burkhalter 0-0: Called Strike
0-1: Ball
1-1: Called Strike
1-2: Strikes out looking
Pinch Hitting: LHB Sammy Roddenberry 0-0: Called Strike
0-1: Foul Ball, location: 2F
0-2: Foul Ball, location: 2F
0-2: Foul Ball, location: 2F
0-2: Fly out, F8 (Flyball, 8RM, EV 94.4 MPH)
Batting: LHB Roger Duque 0-0: Foul Ball, location: 2F
0-1: Ball
1-1: Ball
2-1: SINGLE (Line Drive, 4D, EV 96.9 MPH)
Mike Maserang to second
Runner from 2nd tries for 3rd, SAFE, throw by RF made to third
Batting: SHB Alex Orozco 0-0: Foul Ball, location: 2F
0-1: Swinging Strike
0-2: Ball
1-2: Strikes out swinging
Top of the 7th over - 0 runs, 1 hit, 0 errors, 2 left on base; Tri-City 5 - State College 6
BOTTOM OF THE 7TH
State College Spikes batting - Pitching for Tri-City Dust Devils : RHP Nick Jamison
Now in RF: Sammy Roddenberry
Batting: RHB Jose Jimenez 0-0: Ground out 6-3 (Groundball, 6, EV 97.5 MPH)
Batting: RHB Josh Broome 0-0: Called Strike
0-1: Ball
1-1: Ball
2-1: Called Strike
2-2: Foul Ball, location: 2F
2-2: SINGLE (Groundball, 56D, EV 111.9 MPH)
Batting: RHB Tyler Walker 0-0: Ball
Josh Broome is caught stealing 2nd base 2-4
1-0: Called Strike
1-1: Ball
2-1: Ball
3-1: Base on Balls
Batting: RHB Mike Zimmerly 0-0: Fly out, F9 (Line Drive, 9D, EV 109.4 MPH)
Bottom of the 7th over - 0 runs, 1 hit, 0 errors, 1 left on base; Tri-City 5 - State College 6
TOP OF THE 8TH
Tri-City Dust Devils batting - Pitching for State College Spikes : LHP Carlos Salcido
Batting: LHB Bill Fortin 0-0: Swinging Strike
0-1: Reached on error, E8 (Line Drive, 8RD, EV 91.9 MPH)
Batting: RHB Tyler West 0-0: Ball
1-0: Ball
2-0: SINGLE (Groundball, 34D, EV 97.5 MPH)
Bill Fortin to third
Runner from 3rd tries for Home, SAFE, throw by RF to home
Pinch Hitting: RHB Kalidas Mishra 0-0: Bunt missed!
0-1: Bunted foul
0-2: Grounds into double play, 6-4-3 (Groundball, 56, EV 78.8 MPH)
Batting: RHB Jaden Scott 0-0: Ball
1-0: Foul Ball, location: 2F
1-1: Foul Ball, location: 2F
1-2: Foul Ball, location: 2F
1-2: Ball
2-2: Ball
3-2: Base on Balls
Pitching: RHP Ed Puentes
Batting: RHB Mike Maserang 0-0: Called Strike
0-1: Ball
Jaden Scott is caught stealing 2nd base 2-4
Top of the 8th over - 1 run, 1 hit, 1 error, 0 left on base; Tri-City 6 - State College 6
BOTTOM OF THE 8TH
State College Spikes batting - Pitching for Tri-City Dust Devils : RHP Nick Jamison
Now in CF: Sammy Roddenberry
Now in RF: Yutaro Takahashi
Pinch Hitting: SHB Hank Arias 0-0: Ball
1-0: Called Strike
1-1: Swinging Strike
1-2: Ball
2-2: Strikes out swinging
Batting: RHB Ray Souza 0-0: Ground out 4-3 (Groundball, 4MS, EV 87.5 MPH)
Batting: RHB Fortunato Fteira 0-0: Ball
1-0: Foul Ball, location: 2F
1-1: Foul Ball, location: 2F
1-2: Strikes out looking
Bottom of the 8th over - 0 runs, 0 hits, 0 errors, 0 left on base; Tri-City 6 - State College 6
TOP OF THE 9TH
Tri-City Dust Devils batting - Pitching for State College Spikes : RHP Ed Puentes
Now at 1B: Hank Arias
Batting: RHB Mike Maserang 0-0: SINGLE (Groundball, 34D, EV 111.2 MPH)
Batting: RHB Nate Burkhalter 0-0: SINGLE (Groundball, 25, EV 69.4 MPH) (infield hit)
Mike Maserang to second
Batting: LHB Sammy Roddenberry 0-0: Called Strike
0-1: Foul Ball, location: 2F
0-2: Strikes out looking
Batting: LHB Roger Duque 0-0: Ball
1-0: Ball
2-0: Foul Ball, location: 2F
2-1: Called Strike
2-2: Strikes out looking
Batting: SHB Alex Orozco 0-0: Ball
1-0: Ball
2-0: Ball
3-0: Base on Balls
Mike Maserang to third
Nate Burkhalter to second
Batting: LHB Bill Fortin 0-0: Foul Ball, location: 2F
0-1: Called Strike
0-2: Ball
1-2: Ball
2-2: Strikes out swinging
Top of the 9th over - 0 runs, 2 hits, 0 errors, 3 left on base; Tri-City 6 - State College 6
BOTTOM OF THE 9TH
State College Spikes batting - Pitching for Tri-City Dust Devils : RHP Nick Jamison
Pitching: RHP Ed Chamberlain
Batting: RHB Tim Cleary 0-0: Ball
1-0: Fly out, F6 (Line Drive, 6, EV 72.5 MPH)
Batting: RHB Josh Martin 0-0: Ball
1-0: Swinging Strike
1-1: Foul Ball, location: 2F
1-2: Ball
2-2: Foul Ball, location: 2F
2-2: Strikes out swinging, 2-3 out at first.
Batting: RHB Jose Jimenez 0-0: Foul Ball, location: 2F
0-1: Foul Ball, location: 2F
0-2: Ball
1-2: Ball
2-2: Ball
3-2: Base on Balls
Batting: RHB Josh Broome 0-0: Called Strike
0-1: Called Strike
0-2: Ball
1-2: Foul Ball, location: 2F
1-2: Strikes out swinging
Bottom of the 9th over - 0 runs, 0 hits, 0 errors, 1 left on base; Tri-City 6 - State College 6
TOP OF THE 10TH
Tri-City Dust Devils batting - Pitching for State College Spikes : RHP Ed Puentes
Batting: RHB Tyler West 0-0: Ground out 6-3 (Groundball, 6, EV 81.9 MPH)
Batting: SHB Yutaro Takahashi 0-0: Ball
1-0: Foul Ball, location: 2F
1-1: Foul Ball, location: 2F
1-2: Foul Ball, location: 2F
1-2: TRIPLE (Line Drive, 89XD, EV 108.1 MPH)
Pitching: RHP Joe Cornell
Batting: RHB Jaden Scott 0-0: Ball
1-0: Squeeze Bunt to 2R - play home, runner OUT, batter safe! 1-2
Batting: RHB Mike Maserang 0-0: Ball
Jaden Scott steals 2nd base (no throw)
1-0: Swinging Strike
1-1: SINGLE (Groundball, 6D, EV 109.4 MPH)
Jaden Scott to third
Runner from 3rd tries for Home, SAFE, throw by LF to home
Batting: RHB Nate Burkhalter 0-0: Ball
1-0: Ball
2-0: Called Strike
2-1: Called Strike
2-2: 2-RUN HOME RUN (Flyball, 9D, EV 100.0 MPH), Distance : 382 ft
Batting: LHB Sammy Roddenberry 0-0: Ball
1-0: SINGLE (Groundball, 34D, EV 98.1 MPH)
Pitching: LHP Kevin Turner
Batting: LHB Roger Duque 0-0: Swinging Strike
0-1: Ball
1-1: Ball
2-1: Fielders Choice at 2nd, 5-4 (Groundball, 5, EV 88.8 MPH)
Top of the 10th over - 3 runs, 4 hits, 0 errors, 1 left on base; Tri-City 9 - State College 6
BOTTOM OF THE 10TH
State College Spikes batting - Pitching for Tri-City Dust Devils : RHP Ed Chamberlain
Batting: RHB Tyler Walker 0-0: Foul Ball, location: 2F
0-1: Called Strike
0-2: Strikes out swinging
Pitching: RHP Danny Felan
Batting: RHB Mike Zimmerly 0-0: Ground out 5-3 (Groundball, 5L, EV 100.6 MPH)
Batting: SHB Hank Arias 0-0: Ball
1-0: Ball
2-0: Ball
3-0: Called Strike
3-1: Swinging Strike
3-2: Foul Ball, location: 2F
3-2: Fly out, F8 (Flyball, 8LXD, EV 95.0 MPH)
Bottom of the 10th over - 0 runs, 0 hits, 0 errors, 0 left on base; Tri-City 9 - State College 6
Wednesday, June 22nd , 2022 - OOTP Baseball 23.4 Build 64